cohdb
Replays
Latest Replays
All Replays
Popular Replays
Top Player Replays
Match Explorer
How It Works
Community
CoH3 Stats
Reddit
Sign in to upload your games and track your stats! →
Sign in with Steam
Match 42427481
Unlisted
Match 42427481
Overview
Messages
Build Orders
End
Vickers Machine Gun Team
Construct Section Command Post
Infantry Section
ML 3-inch Mortar Team
Selects Canadian Shock Battlegroup
Infantry Section
Grenade Package
Selects Incendiary Munitions
Infantry Section
Selects Attacking Spirit
Selects Canadian Shock Section
Construct Field Infirmary
Construct Platoon Command Post
Unlock M3 Stuart Light Tanks
M3 Stuart Light Tank
Selects Smoke Operation
M3 Stuart Light Tank
Sweetak
WilixX
Rookie Trooper
Ismachu
Kylen
runningDuck
0
0
Comments
sign in to comment!
No comments posted yet!